 Dungeon Crawl Stone Soup version 0.30-a0-137-gd8773701ce (webtiles) character file.

Game seed: 4539061357817562693

175 jimonade the Shooter (level 5, -4/38 HPs)
             Began as a Formicid Hunter on Sept 23, 2022.
             Succumbed to an orc wizard's poison
             ... on level 3 of the Dungeon.
             The game lasted 00:04:33 (2718 turns).

jimonade the Shooter (Formicid Hunter)              Turns: 2718, Time: 00:04:34

Health: -4/38      AC:  5    Str: 16    XL:     5   Next: 86%
Magic:  5/5        EV: 11    Int:  8    God:
Gold:   134        SH:  0    Dex: 19    Spells: 4/4 levels left

rFire   . . .      SeeInvis +    a - +0 shortbow
rCold   . . .      Faith    .    m - orb {light}
rNeg    . . .      Spirit   .    d - +0 ring mail
rPois   .          Reflect  .    (helmet unavailable)
rElec   .          Harm     .    (no cloak)
rCorr   .          Rampage  .    (no gloves)
Will    .....                    (no boots)
Stlth   +.........               (no amulet)
HPRegen 0.12/turn                (no ring)
MPRegen 0.09/turn                (no ring)

@: lethally poisoned (-4 -> -31), glowing
A: permanent stasis, dig shafts and tunnels, antennae 3, four strong arms
a: Dig, Shaft Self


You were on level 3 of the Dungeon.
You visited 1 branch of the dungeon, and saw 3 of its levels.

You collected 134 gold pieces.

Inventory:

Hand Weapons
 a - a +0 shortbow (weapon)
 b - a +1 halberd of venom
 p - a +0 sling
 q - a +0 quarterstaff
Armour
 c - a +0 leather armour
 d - a +0 ring mail (worn)
 m - an orb of light (worn)
Scrolls
 e - a scroll of silence {unknown}
 g - 3 scrolls of identify {unknown}
 i - a scroll of amnesia {unknown}
 j - a scroll of immolation
Potions
 f - 2 potions of lignification {unknown}
 h - 2 potions of heal wounds {unknown}
 k - a potion of curing {unknown}
 l - 2 potions of degeneration {unknown}
 n - a potion of mutation {unknown}
 o - a potion of brilliance {unknown}


   Skills:
 - Level 2.1 Fighting
 + Level 6.6 Ranged Weapons
 - Level 1.7 Dodging
 - Level 1.2 Stealth


You had 4 spell levels left.
You didn't know any spells.
Your spell library contained the following spells:

 Spells                   Type           Power      Damage    Failure   Level
 Frozen Ramparts          Ice            0%         1d1       94%         3
 Ice Form                 Ice/Tmut       0%         N/A       100%        4
 Summon Ice Beast         Ice/Summ       0%         N/A       100%        4


Dungeon Overview and Level Annotations

Branches:
Dungeon (3/15)

Altars:

Shops:
D:2 (


Innate Abilities, Weirdness & Mutations

You cannot be hasted, slowed, berserked, paralysed or teleported.
You can dig through walls and to a lower floor.
You have a pair of large antennae on your head. (SInv)
Your four strong arms can wield two-handed weapons with a shield.


Message History

You shoot an arrow.
The arrow hits the orc wizard but does no damage.
The orc wizard is moderately wounded.
You feel sick.
The orc wizard hits you but does no damage.
You are more poisoned.
You shoot an arrow.
The arrow hits the orc wizard but does no damage.
The orc wizard is moderately wounded.
You feel very sick.
The orc wizard hits you but does no damage.
You are more poisoned.
You are too injured to fight recklessly!
You are too injured to fight recklessly!
You are too injured to fight recklessly!
Fire: a) +0 shortbow
Press: ? - help, Q - select action, (/) - cycle Shift-Dir - straight line, f/p - orc wizard
Aim: an orc wizard, wielding a +0 dagger of venom and wearing a +0 robe (moderately wounded, slightly transparent, haloed, 75% to hit)
You shoot an arrow. The arrow hits the orc wizard.
The orc wizard is heavily wounded.
You feel very sick.
The orc wizard hits you but does no damage.
You are lethally poisoned!
The orc wizard hits you with a +0 dagger of venom.
* * * LOW HITPOINT WARNING * * *
You are more poisoned.
Fire: a) +0 shortbow
Press: ? - help, Q - select action, (/) - cycle Shift-Dir - straight line, f/p - orc wizard
Aim: an orc wizard, wielding a +0 dagger of venom and wearing a +0 robe (heavily wounded, slightly transparent, haloed, 75% to hit)
You shoot an arrow. The arrow hits the orc wizard.
The orc wizard is severely wounded.
* * * LOW HITPOINT WARNING * * *
You feel extremely sick. The orc wizard barely misses you.
Fire: a) +0 shortbow
Press: ? - help, Q - select action, (/) - cycle Shift-Dir - straight line, f/p - orc wizard
Aim: an orc wizard, wielding a +0 dagger of venom and wearing a +0 robe (severely wounded, slightly transparent, haloed, 75% to hit)
You shoot an arrow. The arrow hits the orc wizard.
The orc wizard is severely wounded.
You die...

#.... #.##.
####.### #.......
#.##.... #.#####
#.##)### #!o..o#
#.##.# #o#
##.##.###
#@########........
#.#.......>.##...#
#....######.##....
##.....## #.##..##
#.......## #.##..#
#.........#
#...[.#
#.........#
#.###.##
#.........#
#.......
##.......##
#.###.#.


You could see an orc wizard (invisible) and an orc.

Vanquished Creatures
  An orc priest (D:3)
  An iguana (D:3)
  4 adders
  2 gnolls
  A white imp (D:3)
  A worm (D:2)
  2 dart slugs
  2 orcs (D:3)
  8 ball pythons
  5 bats
  3 endoplasms
  4 giant cockroaches
  4 goblins
  4 hobgoblins
  3 quokkas
  A frilled lizard (D:1)
  2 kobolds
  3 rats (D:1)
51 creatures vanquished.

Notes
Turn   | Place    | Note
-------+----------+-------------------------------------------
     0 | D:1      | jimonade the Formicid Hunter began the quest for the Orb.
     0 | D:1      | Reached XP level 1. HP: 16/16 MP: 1/1
   264 | D:1      | Reached XP level 2. HP: 22/22 MP: 2/2
   882 | D:2      | Reached XP level 3. HP: 27/27 MP: 3/3
   891 | D:2      | Reached skill level 5 in Ranged Weapons
  1408 | D:2      | Found a faded altar of an unknown god.
  1433 | D:2      | Found Ceapto Oneff's Weapon Shoppe.
  1487 | D:2      | Reached XP level 4. HP: 33/33 MP: 4/4
  2342 | D:3      | Reached skill level 6 in Ranged Weapons
  2342 | D:3      | Reached XP level 5. HP: 24/38 MP: 5/5
  2718 | D:3      | Succumbed to an orc wizard's poison

Illustrated notes

Levels and vault maps discovered:
D:1:      saegor_arrival_simple_d, layout_basic, serial_bayou_pond_c,
          minmay_misc_feat_diagonals, interstate_on_off
D:2:      layout_loops_corners, serial_shops, nicolae_square_shop,
          basic_ecumenical_altar, minmay_close_crescents
D:3:      layout_loops_ring, minmay_distorted

Skill      XL: |  1  2  3  4 |
---------------+-------------+-----
Ranged Weapons | 5 6 |  6.6
Fighting       | |  2.1
Dodging        | |  1.7
Stealth        | |  1.2

Action                   |  1- 3 |  4- 6 || total
-------------------------+-------+-------++-------
 Fire: Shortbow          |    59 |    89 ||   148
Armor: Leather armour    |     2 |       ||     2
       Ring mail         |     3 |    23 ||    26
Dodge: Dodged            |    11 |    25 ||    36

Table legend: (Time is in decaauts)
 A = Elapsed time spent in this place.
 B = Non-inter-level travel time spent in this place.
 C = Inter-level travel time spent in this place.
 D = Time resting spent in this place.
 E = Time spent auto-exploring this place.
 F = Levels seen in this place.
 G = Mean time per level.
                   A        B        C        D        E       F      G
               +--------+--------+--------+--------+--------+-----+--------+
         Total |   2779 |   2713 |     66 |    502 |   1799 |   3 |  926.3 |
       Dungeon |   2779 |   2713 |     66 |    502 |   1799 |   3 |  926.3 |
               +--------+--------+--------+--------+--------+-----+--------+

Top non-repeatable levels by time:
     D:2: 1431 daAuts
     D:1: 807 daAuts
     D:3: 541 daAuts
